 Dungeon Crawl Stone Soup version 0.20-a0-383-gbbee3a8 (webtiles) character file.

211 Firecrotchwizard the Skirmisher (level 5, -2/44 HPs)
             Began as a Frog Berserker on Dec 29, 2016.
             Was a Believer of Trog.
             Splashed by a jelly's acid (8 damage)
             ... on level 4 of the Dungeon.
             The game lasted 00:06:20 (2843 turns).

Firecrotchwizard the Skirmisher (Frog Berserker)    Turns: 2843, Time: 00:06:22

Health: -2/44      AC:  2    Str: 16    XL:     5   Next: 88%
Magic:  5/5        EV:  7    Int:  5    God:    Trog [**....]
Gold:   130        SH:  0    Dex: 11    Spells: 4/4 levels left

rFire  . . .     SeeInvis .     a - +0 falchion
rCold  . . .     Gourm    .     t - +0 chain mail
rNeg   . . .     Faith    .     (no shield)
rPois  .         Spirit   .     l - +0 helmet
rElec  .         Reflect  .     (no cloak)
rCorr  .         Harm     .     (no gloves)
MR     .....                    (no boots)
Stlth  ..........               (no amulet)
                                (no ring)
                                (no ring)

@: corroded, slow
A: slowness 1, strong legs 1
a: Hop, Berserk, Trog's Hand, Burn Spellbooks, Renounce Religion


You were on level 4 of the Dungeon.
You worshipped Trog.
Trog was pleased with you.
You were not hungry.

You visited 1 branch of the dungeon, and saw 4 of its levels.

You collected 130 gold pieces.

Inventory:

Hand Weapons
 a - a +0 falchion (weapon)
Missiles
 u - 2 tomahawks (quivered)
Armour
 b - a +0 animal skin
 j - a +0 ring mail
 l - a +0 helmet (worn)
 o - a +0 scale mail
 t - a +0 chain mail (worn)
Scrolls
 d - 3 scrolls of identify
 e - 3 scrolls of remove curse
 i - a scroll of noise {unknown}
 k - a scroll of immolation {unknown}
 m - a scroll of fear {unknown}
 n - a scroll of random uselessness {unknown}
 v - a scroll of magic mapping {unknown}
Potions
 f - a potion of curing {unknown}
 g - a potion of agility {unknown}
 h - 2 potions of flight
 p - 2 potions of heal wounds {unknown}
 q - 2 potions of resistance {unknown}
 s - 2 potions of magic {unknown}
Comestibles
 c - 5 bread rations
 r - a meat ration
 w - a chunk of flesh


   Skills:
 * Level 5.2 Fighting
 * Level 4.6 Long Blades
 + Level 3.0 Armour
 + Level 2.8 Dodging


You had 4 spell levels left.
You didn't know any spells.

Dungeon Overview and Level Annotations

Branches:
Dungeon (4/15)
 Temple: D:4-7

Altars:
Dithmenos
Elyvilon
Nemelex Xobeh


Innate Abilities, Weirdness & Mutations

You cover ground slowly.
You can hop short distances.


Message History

Beogh smites you!
You hit the jelly but do no damage. The acid corrodes you!
Your hands burn!
The jelly is heavily wounded.
The jelly hits you.
You are splashed with acid!
The acid burns!
You hit the jelly but do no damage.
Your hands burn!
The jelly is heavily wounded.
The jelly hits you but does no damage.
The orc wizard begins to cast a cantrip, but forgets the words!
The orc hits you with a club.
* * * LOW HITPOINT WARNING * * *
The orc wizard gestures wildly while chanting.
The orc wizard seems to speed up.
The jelly closely misses you.
The orc priest looks encouraged for a moment.
The orc wizard points at you and mumbles some strange words.
The magic dart hits you!
* * * LOW HITPOINT WARNING * * *
The jelly hits you.
* * * LOW HITPOINT WARNING * * *
You are splashed with acid!
The acid burns!
You die...

......#...# ##..#
####....#
......##.o###...##
##.......# ......
##..#.....# #........#
.....# ##oo.....#
#.......# # .....
##......## #.......# #
....# ##.......#
#.......# # #....oo..#
#.......# # #.....J..##
##.....## # #.....o@..#
#...).# # #.........#
####..##### #.........#
####.......
##..รท.....####...<######
#.................#
##.......######...#
######..# ##...... #..##
#...... #..## ###.....


You could see a jelly, 2 orc priests, an orc wizard and 3 orcs.

Vanquished Creatures
  An iguana (D:4)
  An orc wizard (D:3)
  A worker ant (D:4)
  A hound skeleton (D:4)
  4 adders
  3 oozes
  A worm (D:2)
  5 dart slugs
  3 leopard geckos
  3 orcs
  2 giant cockroaches
  4 goblins
  8 hobgoblins
  A ball python (D:1)
  10 bats
  4 frilled lizards
  8 kobolds
  5 rats
65 creatures vanquished.

Vanquished Creatures (others)
  A kobold (D:1)
1 creature vanquished.

Grand Total: 66 creatures vanquished

Notes
Turn   | Place    | Note
-------+----------+-------------------------------------------
     0 | D:1      | Firecrotchwizard the Frog Berserker began the quest for the Orb.
     0 | D:1      | Reached XP level 1. HP: 18/18 MP: 1/1
   237 | D:1      | Reached XP level 2. HP: 20/24 MP: 2/2
   925 | D:1      | Reached skill level 4 in Fighting
   985 | D:2      | Reached XP level 3. HP: 22/30 MP: 3/3
  1143 | D:2      | Found a sparkling altar of Nemelex Xobeh.
  1162 | D:2      | Found a shadowy altar of Dithmenos.
  1252 | D:2      | Reached ** piety under Trog
  1271 | D:2      | Reached XP level 4. HP: 30/38 MP: 4/4
  1767 | D:3      | Reached XP level 5. HP: 40/43 MP: 5/5
  1791 | D:3      | Found a white marble altar of Elyvilon.
  2138 | D:3      | Found a white marble altar of Elyvilon.
  2370 | D:4      | Reached skill level 5 in Fighting
  2843 | D:4      | Splashed by a jelly's acid

Vault maps used:
D:1:      elethiomel_arrival_infinity_welcomes_careful_drivers,
          lemuel_flame_loot_1
D:2:      lemuel_round_altar, lemuel_doored_altar, first_bread,
          minmay_misc_feat_columns, minmay_misc_feat_diagonals,
          minmay_misc_feat_five
D:3:      lemuel_round_altar, elyvilon_altar_4

Skill      XL: |  1  2  3  4  5 |
---------------+----------------+-----
Fighting       | 4 5 |  5.2
Long Blades    | 4 |  4.6
Armour         | 3 |  3.0
Dodging        | |  2.8

Action                   |  1- 3 |  4- 6 || total
-------------------------+-------+-------++-------
Melee: Falchion          |    87 |   157 ||   244
Invok: Trog's Hand       |       |     1 ||     1
 Abil: Hop               |     1 |       ||     1
  Use: Scroll            |       |     2 ||     2
  Eat: Chunk             |     1 |     4 ||     5
       Bread ration      |       |     1 ||     1
Armor: Animal skin       |     4 |       ||     4
       Ring mail         |    10 |       ||    10
       Scale mail        |    32 |       ||    32
       Chain mail        |       |   112 ||   112
Dodge: Dodged            |    65 |    54 ||   119
       Rpst.: Falchion   |    31 |    20 ||    51
